 Dungeon Sprint DCSS version 0.20-a0-820-g557356e (webtiles) character file.

359 esc the Skirmisher (level 6, -1/55 HPs)
             Began as a Demonspawn Berserker on Mar 4, 2017.
             Was a Believer of Trog.
             Slain by a neqoxec (9 damage)
             ... in the Dungeon (Sprint II: "The Violet Keep of Menkaure").
             The game lasted 00:01:19 (85 turns).

esc the Skirmisher (Demonspawn Berserker)             Turns: 85, Time: 00:01:20

Health: -1/55      AC:  2    Str: 19      XL:     6   Next: 37%
Magic:  4/4        EV: 15    Int:  6 (8)  God:    Trog [**....]
Gold:   243        SH:  0    Dex: 13      Spells: 5/5 levels left

rFire    . . .     SeeInvis .   a - +0 hand axe
rCold    . . .     Gourm    .   b - +0 animal skin
rNeg     . . .     Faith    .   (no shield)
rPois    .         Spirit   .   (no helmet)
rElec    .         Reflect  .   (no cloak)
rCorr    .         Harm     .   (no gloves)
MR       .....     NoTele   +   (no boots)
Stlth    +++.......             (no amulet)
Regen    0.2/turn               (no ring)
MPRegen  0.1/turn               (no ring)

@: exhausted, slowed, very slow
A: low mp 2, nightstalker 2, rot immunity, sturdy frame 1
a: Berserk, Trog's Hand, Burn Spellbooks, Renounce Religion


You were in the Dungeon.
You worshipped Trog.
Trog was pleased with you.
You were not hungry.

You visited 1 branch You collected 243 gold pieces.

Inventory:

Hand Weapons
 a - a +0 hand axe (weapon)
Armour
 b - a +0 animal skin (worn)
Scrolls
 i - a scroll of blinking {!r}
Potions
 d - a potion of curing
 e - a potion of heal wounds
 f - a potion of haste
 g - 2 potions of magic
 h - a potion of berserk rage {!q}
Comestibles
 c - a bread ration {@e1}
 j - a chunk of flesh {@w0}


   Skills:
 + Level 7.5 Fighting
 + Level 6.9 Axes
 + Level 6.4 Armour
 + Level 6.4 Dodging


You had 5 spell levels left.
You didn't know any spells.

Dungeon Overview and Level Annotations

Branches:
Dungeon (1/1)

Altars:


Innate Abilities, Weirdness & Mutations

You are significantly more attuned to the shadows.
You are immune to rotting.
Your movements are slightly less encumbered by armour. (ER -2)
Your magical capacity is very low. (-20% MP)


Message History

The neqoxec gestures.
You closely miss the neqoxec. The neqoxec hits you.
The neqoxec gestures at you.
Something tries to feed on your intellect!
You take 2 damage, and have 43/58 hp.
You barely miss the neqoxec.
The crimson imp blinks!
The neqoxec gestures at you.
You feel dopey. Something feeds on your intellect! The neqoxec hits you.
You take 4 damage, and have 39/58 hp.
You hit the neqoxec but do no damage.
The neqoxec gestures.
You slash the neqoxec!
You kill the neqoxec!
Trog accepts your kill.
You feel your intelligence returning.
Your Fighting skill increases to level 6!
Your Axes skill gained 2 levels and is now at level 6!
Your Armour skill increases to level 5!
Your Dodging skill increases to level 5!
You have reached level 5!
Your demonic ancestry asserts itself...
You slip further into the darkness.
You regained 8 hp, and now have 47/70 hp.
MP restored: 5 You closely miss the neqoxec.
The neqoxec closely misses you.
You slash the neqoxec! You slash the neqoxec! The neqoxec gestures at you.
Strange energies course through your body.
You feel less energetic. The neqoxec gestures at you.
Something tries to feed on your intellect!
You now have 4/4 mp.
You barely miss the neqoxec. The neqoxec barely misses you.
The crimson imp blinks!
You hit the neqoxec. You barely miss the crimson imp.
You closely miss the neqoxec. You hit the crimson imp. The neqoxec hits you!
The crimson imp misses you.
The neqoxec gestures.
You take 7 damage, and have 41/70 hp.
You slash the neqoxec!
You kill the neqoxec!
Trog accepts your kill.
Your Fighting skill increases to level 7!
Your Armour skill increases to level 6!
Your Dodging skill increases to level 6!
You have reached level 6!
Your experience leads to an increase in your attributes!
Your base attributes are Str 18, Int 8, Dex 13.
Increase (S)trength, (I)ntelligence, or (D)exterity?
You feel stronger.
You hit the crimson imp. The crimson imp misses you.
You regained 7 hp, and now have 48/82 hp.
MP restored: 5 You closely miss the crimson imp.
You completely miss the crimson imp. The neqoxec gestures at you.
You feel dopey. Something feeds on your intellect!
Unknown command.
You barely miss the crimson imp. x2; The crimson imp closely misses you.
The crimson imp blinks!
You barely miss the crimson imp.
The shadow imp disappears in a puff of smoke!
The neqoxec gestures at you.
You feel dopey. Something feeds on your intellect! The crimson imp misses you.
You barely miss the crimson imp.
You are no longer berserk.
You are exhausted.
You feel yourself slow down.
The crimson imp disappears in a puff of smoke!
You now have 33/55 hp.
You miss the crimson imp. The crimson imp hits you.
The crimson imp blinks!
You take 3 damage, and have 30/55 hp.
You hit the neqoxec but do no damage. The neqoxec misses you.
You hit the neqoxec but do no damage.
The crimson imp blinks!
The neqoxec hits you.
You take 1 damage, and have 29/55 hp.
You hit the neqoxec. The neqoxec hits you!
* * * LOW HITPOINT WARNING * * *
The neqoxec gestures.
The crimson imp blinks! x2
The neqoxec gestures at you.
Strange energies course through your body.
You feel less energetic.
You take 14 damage, and have 15/55 hp.
MASSIVE DAMAGE!!
You now have 4/4 mp.
You closely miss the neqoxec.
The crimson imp blinks! x2
The neqoxec closely misses you.
The crimson imp blinks!
You hit the neqoxec. You hit the crimson imp. The neqoxec closely misses you.
The crimson imp hits you but does no damage.
The neqoxec hits you!
* * * LOW HITPOINT WARNING * * *
You take 7 damage, and have 8/55 hp.
You barely miss the neqoxec. You barely miss the crimson imp.
The crimson imp closely misses you.
The crimson imp blinks!
The neqoxec hits you!
You die...

##+##
##.#.##
#..#..#
# ###.#
#. #'#
#5##.##
#33@5.+
#55##.##
#5 #+# #


You could see 2 neqoxecs, a quasit and 4 crimson imps.

Vanquished Creatures
  2 neqoxecs (D)
  4 worker ants (D)
6 creatures vanquished.

Notes
Turn   | Place    | Note
-------+----------+-------------------------------------------
     0 | D        | esc the Demonspawn Berserker began the quest for the Orb.
     0 | D        | Reached XP level 1. HP: 18/18 MP: 1/1
     1 | D        | Noticed a worker ant
     1 | D        | Noticed a worker ant
     5 | D        | Killed a worker ant
     5 | D        | Reached skill level 4 in Fighting
     5 | D        | Reached skill level 3 in Axes
     5 | D        | Reached skill level 3 in Armour
     5 | D        | Reached skill level 3 in Dodging
     5 | D        | Gained mutation: You are slightly more attuned to the shadows. [demonic ancestry]
     5 | D        | Reached XP level 2. HP: 25/25 MP: 2/2
     8 | D        | Reached skill level 4 in Axes
     8 | D        | Gained mutation: You are immune to rotting. [demonic ancestry]
     8 | D        | Reached XP level 3. HP: 31/31 MP: 3/3
    12 | D        | Reached ** piety under Trog
    17 | D        | Reached skill level 5 in Fighting
    17 | D        | Reached skill level 4 in Armour
    17 | D        | Reached skill level 4 in Dodging
    17 | D        | Gained mutation: Your movements are slightly less encumbered by armour. (ER -2) [demonic ancestry]
    17 | D        | Reached XP level 4. HP: 39/39 MP: 4/4
    57 | D        | Noticed a neqoxec
    57 | D        | Noticed a neqoxec
    57 | D        | Noticed a neqoxec
    57 | D        | Noticed a neqoxec
    67 | D        | Killed a neqoxec
    67 | D        | Reached skill level 6 in Fighting
    67 | D        | Reached skill level 6 in Axes
    67 | D        | Reached skill level 5 in Armour
    67 | D        | Reached skill level 5 in Dodging
    67 | D        | Gained mutation: You are significantly more attuned to the shadows. [demonic ancestry]
    67 | D        | Reached XP level 5. HP: 47/47 MP: 5/5
    70 | D        | Gained mutation: Your magical capacity is low. (-10% MP) [a neqoxec]
    74 | D        | Killed a neqoxec
    74 | D        | Reached skill level 7 in Fighting
    74 | D        | Reached skill level 6 in Armour
    74 | D        | Reached skill level 6 in Dodging
    74 | D        | Reached XP level 6. HP: 48/55 MP: 5/5
    82 | D        | Gained mutation: Your magical capacity is very low. (-20% MP) [a neqoxec]
    84 | D        | HP: 8/55 [neqoxec (7)]
    85 | D        | Slain by a neqoxec

Vault maps used:
D:        the_violet_keep_of_menkaure

Skill      XL: |  1  2  3  4  5 |
---------------+----------------+-----
Fighting       | 4 5 6 7 |  7.5
Axes           | 3 4 6 |  6.9
Armour         | 3 4 5 6 |  6.4
Dodging        | 3 4 5 6 |  6.4

Action                   |  1- 3 |  4- 6 || total
-------------------------+-------+-------++-------
Melee: Hand axe          |    12 |    27 ||    39
Invok: Berserk           |     1 |     1 ||     2
Armor: Animal skin       |       |     2 ||     2
Dodge: Dodged            |     6 |    11 ||    17

Vault maps used:
D:        the_violet_keep_of_menkaure

Table legend:
 A = Turns spent in this place as a percentage of turns spent in the entire game.
 B = Non-inter-level travel turns spent in this place as a percentage of non-inter-level travel turns spent in the entire game.
 C = Inter-level travel turns spent in this place as a percentage of turns spent in this place.
 D = Turns resting spent in this place as a percentage of non-inter-level travel turns spent in this place.
 E = Turns spent auto-exploring this place as a percentage of non-inter-level travel turns spent in this place.
 F = Non-inter-level travel turns spent in this place divided by the number of levels of this place that you've seen.
                   A       B       C       D       E      F
               +-------+-------+-------+-------+-------+----------------------
         Total | 100.0 | 100.0 |   0.0 |  10.3 |   0.0 |  58.0
       Dungeon | 100.0 | 100.0 |   0.0 |  10.3 |   0.0 |  58.0
               +-------+-------+-------+-------+-------+----------------------

Table legend:
 A = Kills in this place as a percentage of kills in entire the game.
 B = Kills by you in this place as a percentage of kills by you in the entire game.
 C = Kills by friends in this place as a percentage of kills by friends in the entire game.
 D = Other kills in this place as a percentage of other kills in the entire game.
 E = Experience gained in this place as a percentage of experience gained in the entire game.
 F = Experience gained in this place divided by the number of levels of this place that you have seen.
                   A       B       C       D       E      F
               +-------+-------+-------+-------+-------+----------------------
         Total | 100.0 | 100.0 |  -nan |  -nan | 100.0 | 513.0
       Dungeon | 100.0 | 100.0 |  -nan |  -nan | 100.0 | 513.0
               +-------+-------+-------+-------+-------+----------------------
